 Dungeon Crawl Stone Soup version 0.26.1-15-g04117e645d (webtiles) character file.

Game seed: 15609871175876653265

2459 Froggeryz the Summoner (level 9, -6/34 HPs)
             Began as a Felid Summoner on Mar 1, 2022.
             Was an Initiate of Gozag.
             Killed by an exploding a crimson imp (40 damage)
             ... exploding inner flame
             ... on level 2 of the Lair of Beasts.
             The game lasted 00:53:22 (23028 turns).

Froggeryz the Summoner (Felid Summoner)            Turns: 23028, Time: 00:53:23

Health: -6/34      AC:  2    Str:  4    XL:     9   Next: 26%
Magic:  7/16       EV: 21    Int: 20    God:    Gozag
Gold:   796        SH:  0    Dex: 17    Spells: 2/16 levels left
                                        Lives:  0   Deaths: 3

rFire    . . .     SeeInvis +     - Unarmed
rCold    . . .     Faith    .   (shield unavailable)
rNeg     . . .     Spirit   .   (armour unavailable)
rPois    .         Reflect  .   (helmet unavailable)
rElec    .         Harm     .   (cloak unavailable)
rCorr    .         Rampage  .   (gloves unavailable)
Will     +....                  (boots unavailable)
Stlth    +++.......             u - amulet of regeneration
HPRegen  0.51/turn              (no ring)
MPRegen  0.15/turn              (no ring)

@: gold aura, quick
A: very small, no armour, no weapons or thrown items, stealth, claws 1, fangs 3,
see invisible, speed 1, shaggy fur 2, sharp paws
a: Renounce Religion, Potion Petition, Call Merchant, Bribe Branch


You were on level 2 of the Lair of Beasts.
You worshipped Gozag.
Gozag was pleased with you.
You visited 2 branches of the dungeon, and saw 12 of its levels.
You also visited: Ossuary.

You collected 2793 gold pieces.
You spent 335 gold pieces at shops.
You paid 1662 gold pieces to Gozag.

Inventory:

Jewellery
 u - an amulet of regeneration (around neck)
Wands
 g - a wand of flame (5)
 q - a wand of digging (5)
 x - a wand of enslavement (2)
Scrolls
 c - a scroll of fog
 d - 5 scrolls of immolation
 e - 4 scrolls of remove curse
 h - 2 scrolls of magic mapping
 j - 2 scrolls of teleportation
 k - 7 scrolls of noise
 p - a scroll of blinking
Potions
 b - 2 potions of brilliance
 f - 3 potions of might
 i - 4 potions of curing
 l - a potion of invisibility
 m - a potion of mutation
 n - 3 potions of cancellation
 r - a potion of ambrosia
 s - 4 potions of heal wounds
 t - a potion of haste {unknown}
 v - a potion of flight {unknown}


   Skills:
 + Level 6.0 Dodging
 - Level 2.6 Stealth
 - Level 3.5 Unarmed Combat
 - Level 4.0 Spellcasting
 - Level 5.0 Hexes
 - Level 12.0 Summonings
 - Level 5.0 Translocations
 - Level 6.2 Air Magic


You had 2 spell levels left.
You knew the following spells:

 Your Spells              Type           Power        Failure   Level
a - Blink                 Tloc           N/A          2%          2
b - Call Imp              Summ           51%          1%          2
c - Call Canine Familiar  Summ           51%          1%          3
d - Summon Guardian Gole  Hex/Summ       38%          1%          3
e - Summon Lightning Spi  Summ/Air       40%          3%          4

Your spell library contained the following spells:

 Spells                   Type           Power        Failure   Level
 Summon Small Mammal      Summ           100%         1%          1
 Swiftness                Air            29%          1%          2
 Slow                     Hex            24%          2%          2
 Magic Dart               Conj           16%          13%         1
 Passwall                 Tmut/Erth      3%           19%         2
 Confusing Touch          Hex            24%          4%          3
 Gell's Gravitas          Tloc           12%          4%          3
 Summon Ice Beast         Ice/Summ       28%          11%         4
 Mephitic Cloud           Conj/Pois/Air  12%          16%         3
 Passage of Golubria      Tloc           N/A          16%         4
 Conjure Flame            Conj/Fire      4%           36%         3
 Petrify                  Tmut/Erth      4%           77%         4
 Metabolic Englaciation   Hex/Ice        7%           77%         5
 Yara's Violent Unravell  Hex/Tmut       7%           77%         5
 Invisibility             Hex            24%          94%         6
 Lee's Rapid Deconstruct  Erth           2%           98%         5


Dungeon Overview and Level Annotations

Branches:
Dungeon (10/15)            Temple (0/1) D:7            Lair (2/6) D:10
    Orc (0/2) D:9         Ossuary (visited)
  Swamp: Lair:2-4    Shoals: Lair:2-4     Snake: Lair:2-4    Spider: Lair:2-4

Altars:
Gozag
Kikubaaqudgha
Okawaru
Qazlal
Uskayaw
Wu Jian
Xom
Yredelemnul
Zin

Shops:
D:4 *   D:7 (   D:9 :   D:10 :


Innate Abilities, Weirdness & Mutations

You cannot wear armour.
You are incapable of wielding weapons or throwing items.
Your paws allow you to move quietly. (Stealth)
You have sharp claws.
You have razor-sharp teeth.
You have supernaturally acute eyesight. (SInv)
You cover ground quickly.
You are covered in thick fur. (AC +2)
Your sharp claws are effective at attacking unaware monsters.


Message History

Your white imp disappears in a puff of smoke!
The water moccasin bites your crimson imp!
Flame seeps out of your crimson imp.
Your crimson imp closely misses the water moccasin.
The water moccasin bites your crimson imp but does no damage.
Your crimson imp hits the water moccasin.
Flame seeps out of the water moccasin.
Your crimson imp blinks!
Really walk into that cloud of flame?
Okay, then.
Your crimson imp disappears in a puff of smoke!
The water moccasin is engulfed in blazing flames.
Flame seeps out of the water moccasin.
The water moccasin bites your crimson imp.
Your crimson imp explodes!
The fiery explosion engulfs the water moccasin!!
The fiery explosion engulfs you!!!
Ouch! That really hurt!
You die...
Your body crumbles into a pile of gold.

...$.........
#......>.5...
............
...........
#.........$
#.§○§....5.
#.§○§......
#P§@.......
#P...####.P
#..§.###
#$...#.###
###......#
#.......
##.....#
######...#
#.##.....##..


You could see 2 friendly crimson imps.

Vanquished Creatures
  A troll (D:10)
  A yak (Lair:2)
  A water moccasin (Lair:2)
  A necrophage (D:8)
  An elf zombie (D:5)
  9 electric eels
  A human zombie (D:5)
  A hound (D:10)
  An orc (D:5)
  3 bats (D:3)
  A goblin (D:4)
  A hobgoblin (D:2)
  2 frilled lizards (D:4)
  2 rats
26 creatures vanquished.

Vanquished Creatures (collateral kills)
  2 two-headed ogres
  Pikel (D:6)
  Maurice (D:9)
  3 komodo dragons
  3 blink frogs (Lair:1)
  2 shadows (D:9)
  A wyvern (D:10)
  7 yaks
  2 water moccasins (Lair:1)
  Duvessa (D:6)
  An orc warrior (D:9)
  A phantom (D:9)
  A hornet zombie (D:9)
  2 black bears
  An ice beast (D:9)
  3 wolves
  3 ogres
  3 centaurs
  2 lemures (D:6)
  3 big kobolds (D:10)
  Blork the orc (D:6)
  6 bullfrogs
  2 elf skeletons (D:5)
  A water moccasin zombie (D:10)
  3 troll zombies (D:9)
  Dowan (D:6)
  4 scorpions
  4 killer bees
  3 electric eels
  5 centaur zombies
  11 hounds
  8 orc priests
  4 bullfrog skeletons
  A jelly (D:7)
  A centaur skeleton (D:4)
  Ijyb (D:3)
  Jessica (D:2)
  2 iguanas
  9 orc wizards
  5 worker ants
  2 big kobold zombies (Ossuary)
  5 ogre zombies (D:9)
  A hound zombie (D:6)
  4 mummies (Ossuary)
  Robin (D:4)
  14 adders
  A shadow imp (D:9)
  A white imp (D:7)
  2 ufetubi
  An ooze (D:1)
  3 worms
  6 dart slugs
  5 leopard geckos
  23 orcs
  A ball python (D:3)
  9 giant cockroaches
  23 goblins
  12 hobgoblins
  13 jackals
  A nameless horror (Lair:1)
  A quokka (D:3)
  A ball python skeleton (D:4)
  3 bats
  4 frilled lizards
  2 goblin zombies
  A hobgoblin skeleton (D:9)
  3 hobgoblin zombies (D:9)
  16 kobolds
  4 orc skeletons
  19 orc zombies
  2 quokka skeletons
  6 rats
306 creatures vanquished.

Vanquished Creatures (others)
  A hydra (Lair:1)
  A troll (D:9)
  2 yaks (Lair:2)
  Menkaure (D:6)
  A water moccasin (D:8)
  2 orc warriors
  An ice beast (D:9)
  A phantom (D:9)
  A wolf (Lair:1)
  A lemure (D:6)
  A centaur (D:10)
  2 bullfrogs
  A scorpion (Lair:2)
  5 wights (D:6)
  A worker ant (D:9)
  A worm (Lair:2)
  An orc (D:10)
  A giant cockroach (Lair:2)
  A leopard gecko zombie (D:6)
  2 fungi
  74 plants
102 creatures vanquished.

Grand Total: 434 creatures vanquished

Notes
Turn   | Place    | Note
-------+----------+-------------------------------------------
     0 | D:1      | Froggeryz the Felid Summoner began the quest for the Orb.
     0 | D:1      | Reached XP level 1. HP: 7/7 MP: 4/4
   605 | D:1      | Reached XP level 2. HP: 11/11 MP: 0/6
  1309 | D:2      | Found a shimmering altar of Xom.
  1309 | D:2      | Found a stormy altar of Qazlal.
  1549 | D:2      | Noticed Jessica
  1558 | D:2      | Killed Jessica
  1559 | D:2      | Reached XP level 3. HP: 14/14 MP: 5/8
  2345 | D:2      | Learned a level 2 spell: Call Imp
  3424 | D:3      | Reached XP level 4. HP: 18/18 MP: 6/9
  3428 | D:3      | Learned a level 3 spell: Call Canine Familiar
  3599 | D:3      | Found an opulent altar of Gozag.
  3606 | D:3      | Became a worshipper of Gozag Ym Sagoz the Greedy
  3707 | D:3      | Noticed Ijyb
  3741 | D:3      | Killed Ijyb
  3742 | D:3      | Reached skill level 5 in Summonings
  4328 | D:3      | Found an iron altar of Okawaru.
  4735 | D:4      | Noticed an ogre
  4744 | D:4      | Killed an ogre
  4745 | D:4      | Reached XP level 5. HP: 21/21 MP: 2/11
  5178 | D:4      | Found Gink's Elemental Accessories.
  5183 | D:4      | Learned a level 3 spell: Summon Guardian Golem
  5314 | D:4      | Found an ancient bone altar of Kikubaaqudgha.
  5656 | D:4      | Noticed Robin
  5695 | D:4      | Killed Robin
  5696 | D:4      | Reached skill level 1 in Hexes
  5851 | D:5      | Entered Level 5 of the Dungeon
  5906 | D:5      | Reached skill level 6 in Summonings
  5906 | D:5      | Gained mutation: You are covered in thick fur. (AC +2)
                  | [Felid growth]
  5906 | D:5      | Reached XP level 6. HP: 18/24 MP: 5/13
  6189 | D:5      | Found a sand-covered staircase.
  6202 | Ossuary  | Entered an ossuary
  6573 | Ossuary  | Reached XP level 7. HP: 16/27 MP: 8/14
  6838 | D:5      | Reached skill level 7 in Summonings
  7505 | D:5      | Found a basalt altar of Yredelemnul.
  8282 | D:6      | Reached skill level 5 in Hexes
  8321 | D:6      | Noticed Pikel
  8414 | D:6      | Killed Pikel
  8415 | D:6      | Reached skill level 8 in Summonings
  8588 | D:6      | Noticed Blork the orc
  8596 | D:6      | Killed Blork the orc
  8620 | D:6      | Noticed Dowan
  8628 | D:6      | Killed Dowan
  8630 | D:6      | Noticed Duvessa
  8653 | D:6      | Killed Duvessa
  8654 | D:6      | Reached XP level 8. HP: 12/31 MP: 3/15
  8879 | D:6      | Noticed Menkaure
  8889 | D:6      | Killed Menkaure
  9334 | D:6      | Learned a level 4 spell: Summon Lightning Spire
  9526 | D:7      | Found Xecheng's Antique Weapon Emporium.
  9627 | D:7      | Reached skill level 1 in Air Magic
  9955 | D:7      | Found a staircase to the Ecumenical Temple.
 10136 | D:7      | Found a glowing silver altar of Zin.
 10674 | D:8      | Reached skill level 9 in Summonings
 11671 | D:8      | Slain by a bullfrog
 11672 | D:8      | Reached XP level 7. HP: -3/27 MP: 8/14
 12048 | D:8      | Found a hide-covered altar of Uskayaw.
 12355 | D:8      | Killed from afar by an electric eel
 12356 | D:8      | Reached XP level 6. HP: -7/24 MP: 13/13
 12707 | D:8      | Reached XP level 7. HP: 16/27 MP: 14/14
 13873 | D:9      | Noticed a shadow
 14181 | D:9      | Killed a shadow
 14182 | D:9      | Reached skill level 5 in Air Magic
 14429 | D:9      | Noticed a shadow
 14437 | D:9      | Killed a shadow
 14466 | D:9      | You fall into a shaft and drop 1 floor!
 14466 | D:10     | Entered Level 10 of the Dungeon
 14554 | D:9      | Noticed Maurice
 14683 | D:9      | Noticed a two-headed ogre
 14718 | D:9      | Killed a two-headed ogre
 14814 | D:9      | Reached XP level 8. HP: 31/31 MP: 13/15
 14871 | D:9      | HP: 1/31 [orc warrior/stone (13)]
 14895 | D:9      | HP: 1/31 [orc warrior/stone (2)]
 15808 | D:9      | Killed Maurice
 15809 | D:9      | Reached skill level 10 in Summonings
 15919 | D:9      | Found a staircase to the Orcish Mines.
 16133 | D:9      | Noticed a troll
 16185 | D:9      | Killed a troll
 16697 | D:9      | Found an ornate altar of the Wu Jian Council.
 17494 | D:10     | Reached skill level 1 in Unarmed Combat
 17563 | D:10     | Noticed a troll
 17583 | D:10     | Killed a troll
 17846 | D:10     | Reached XP level 9. HP: 15/34 MP: 12/16
 18249 | D:10     | Found a staircase to the Lair.
 18665 | D:10     | Reached skill level 11 in Summonings
 18770 | D:10     | Bought a book of Minor Magic for 280 gold pieces
 18773 | D:10     | Learned a level 2 spell: Blink
 19451 | D:10     | Reached skill level 1 in Translocations
 19502 | D:10     | Noticed a komodo dragon
 19521 | D:10     | Killed a komodo dragon
 19568 | D:10     | Noticed a two-headed ogre
 19578 | D:10     | Killed a two-headed ogre
 19667 | D:10     | Reached skill level 5 in Translocations
 21113 | D:4      | Bought a wand of flame (9) for 55 gold pieces
 21510 | Lair:1   | Entered Level 1 of the Lair of Beasts
 21637 | Lair:1   | Noticed a four-headed hydra
 21668 | Lair:1   | Killed a four-headed hydra
 22049 | Lair:1   | Reached XP level 10. HP: 22/37 MP: 4/17
 22247 | Lair:1   | Reached skill level 12 in Summonings
 22885 | Lair:2   | Reached skill level 5 in Dodging
 23021 | Lair:2   | Mangled by a demonic crawler
 23022 | Lair:2   | Reached XP level 9. HP: -7/34 MP: 10/16
 23028 | Lair:2   | Killed by an exploding a crimson imp... exploding inner
                  | flame

Illustrated notes

Levels and vault maps discovered:
D:1:      kennysheep_arrival_forest, layout_loops_ring
D:2:      layout_loops_corners, grunt_temple_overflow_open, st_stairs_5,
          minmay_diced_spiral, uniq_jessica
D:3:      layout_basic, kennysheep_okawaru_gauntlet, old_standard_altar,
          uniq_ijyb
D:4:      kennysheep_goblin_castle, layout_cave_pools,
          kiku_gazebo_garden_becter, nicolae_elemental_shop
D:5:      layout_cave_pools, nicolae_overflow_crystal_walls,
          nicolae_ossuary_entry_catacombs
D:6:      layout_basic, uniq_pikel, uniq_menkaure, uniq_duvessa,
          uniq_blork_the_orc
D:7:      layout_rooms, nicolae_overflow_hidden_temple,
          minmay_temple_entry_butterflies, serial_shops, kennysheep_mini,
          eino_small_chamber_without_monster, minmay_misc_feat_encased
D:8:      layout_rooms, eat_drink_and_be_merry_uskayaw, serial_bayou,
          serial_bayou_pond_a, serial_bayou_lagoon_a, serial_bayou_ford_a,
          serial_bayou_lagoon_b, hangedman_decor_riveting
D:9:      layout_basic, marbit_many_paths, zombieorc2_lemuel, uniq_maurice
D:10:     layout_cave_pods, erik_lair_island, serial_bayou,
          serial_bayou_shore_b, serial_bayou_crossing, serial_bayou_pond_b,
          serial_bayou_pond_c
Lair:1:   layout_regular_city, grunt_megastairs_4, infiniplex_staircase_pool
Lair:2:   layout_cave_pods, nicolae_spider_entry_non_spiders

Skill      XL: |  1  2  3  4  5  6  7  8  9 10 |
---------------+-------------------------------+-----
Spellcasting   | 3 4 |  4.0
Summonings     | 5 6 8 10 11 12 | 12.0
Hexes          | 1 3 5 |  5.0
Air Magic      | 5 6 |  6.2
Unarmed Combat | 2 3 |  3.5
Translocations | 5 |  5.0
Dodging        | 6 |  6.0
Stealth        | |  2.6

Action                   |  1- 3 |  4- 6 |  7- 9 | 10-12 || total
-------------------------+-------+-------+-------+-------++-------
Melee: Unarmed           |     5 |    36 |    57 |    10 ||   108
       Bite              |       |     6 |     6 |       ||    12
 Cast: Summon Small Mamm |   124 |   113 |    27 |       ||   264
       Call Imp          |     5 |    22 |    55 |     1 ||    83
       Call Canine Famil |       |    11 |   110 |     9 ||   130
       Summon Guardian G |       |       |    49 |     4 ||    53
       Summon Lightning  |       |       |    14 |     5 ||    19
Invok: Call Merchant     |       |       |     2 |       ||     2
Evoke: Wand              |       |     6 |    38 |     4 ||    48
  Use: Scroll            |     1 |     6 |    20 |       ||    27
       Potion            |       |       |     5 |       ||     5
 Stab: Sleeping          |     1 |     2 |     1 |       ||     4
       Distracted        |       |     1 |     3 |       ||     4
Armor: Skin              |     1 |     2 |     8 |     1 ||    12
Dodge: Dodged            |    24 |    39 |   133 |    14 ||   210
